 Dungeon Crawl Stone Soup version 0.17-a0-1719-g1afd5a1 (webtiles) character file.

1345 Redz the Caller (level 8, -9/50 HPs)
             Began as a Kobold Summoner on Aug 27, 2015.
             Was an Initiate of Okawaru.
             Mangled by Enroth's ghost (18 damage)
             ... on level 7 of the Dungeon.
             The game lasted 00:52:24 (7143 turns).

Redz the Caller (Kobold Summoner)                   Turns: 7143, Time: 00:52:24

Health: -9/50      AC:  6    Str:  7    XL:     8   Next: 94%
Magic:  5/14       EV: 18    Int: 15    God:    Okawaru [......]
Gold:   369        SH:  0    Dex: 19    Spells: 4 memorised, 5 levels left

rFire  . . .     SeeInvis .     y - +2 dagger (venom)
rCold  . . .     Clarity  .     a - +0 robe
rNeg   . . .     SustAt   .     (shield restricted)
rPois  .         Gourm    .     w - +0 helmet
rElec  .         Spirit   .     u - +1 cloak
rCorr  .         Warding  .     (no gloves)
rMut   .         Stasis   .     p - +0 pair of boots
MR     .....                    d - amulet of rage
Stlth  +++.......               (no ring)
                                g - +3 ring of dexterity

@: drained, not resistant to hostile enchantments, fairly stealthy
A: carnivore 3
a: Renounce Religion, Evoke Berserk Rage


You were on level 7 of the Dungeon.
You worshipped Okawaru.
Okawaru was noncommittal.
You were not hungry.

You visited 2 branches of the dungeon, and saw 8 of its levels.

You collected 369 gold pieces.

Inventory:

Hand weapons
 y - a +2 dagger of venom (weapon)
Armour
 a - a +0 robe (worn)
 p - a +0 pair of boots (worn)
 u - a +1 cloak (worn)
 w - a +0 helmet (worn)
Jewellery
 d - an amulet of rage (around neck)
 g - a +3 ring of dexterity (left hand)
 j - a +4 ring of protection {unknown}
 s - an uncursed ring of fire
Magical devices
 h - a wand of fireball (7)
 t - a wand of confusion (22)
 B - a wand of draining (11)
Scrolls
 i - a scroll of enchant armour
 m - a scroll of teleportation
 o - 5 scrolls of amnesia
 r - 3 scrolls of identify
 v - a scroll of blinking
Potions
 e - a potion of resistance
 q - 3 potions of curing
 A - a potion of degeneration {unknown}
Books
 b - a book of Callings

   Spells                             Type                      Level
   a - Summon Small Mammal            Summoning                    1
   b - Call Imp                       Summoning                    2
   c - Call Canine Familiar           Summoning                    3
   d - Summon Guardian Golem          Hexes/Summoning              3
   e - Summon Lightning Spire         Summoning/Air                4
   f - Summon Ice Beast               Ice/Summoning                4
 f - a book of Burglary

   Spells                             Type                      Level
   a - Swiftness                      Charms/Air                   2
   b - Passwall                       Transmutation/Earth          3
   c - Passage of Golubria            Translocation                4
   d - Lee's Rapid Deconstruction     Earth                        5
   e - Darkness                       Hexes                        6
   f - Invisibility                   Hexes                        6
Comestibles
 c - 4 meat rations
 k - a royal jelly
 l - a slice of pizza
 n - a beef jerky


   Skills:
 + Level 5.6(5.4) Fighting
 + Level 5.5(5.3) Dodging
 - Level 3.0(2.8) Stealth
   Level 0.0 Shields
 + Level 4.0(3.8) Spellcasting
 - Level 1.0(0.8) Charms
 * Level 7.0(6.8) Summonings
 - Level 2.2(2.0) Air Magic


You had 5 spell levels left.
You knew the following spells:

 Your Spells              Type           Power        Failure   Level  Hunger
a - Call Imp              Summ           ###.....     1%          2    ##.....
b - Swiftness             Chrm/Air       #.......     17%         2    ##.....
c - Call Canine Familiar  Summ           ###.....     3%          3    ###....
d - Summon Guardian Gole  Hex/Summ       ##......     17%         3    ###....


Dungeon Overview and Level Annotations

Branches:
Dungeon (7/15)             Temple (1/1) D:7

Altars:
Ashenzari
Cheibriados
Dithmenos
Elyvilon
Fedhas
Gozag
Makhleb
Nemelex Xobeh
Okawaru
Qazlal
Ru
Sif Muna
Trog
Vehumet
Xom
Yredelemnul
Zin
The Shining One

Shops:
D:5 [

Annotations:
D:7 Enroth's ghost, experienced VSAs


Innate Abilities, Weirdness & Mutations

You are small and have problems with some larger weapons.
You are carnivorous and can eat meat at any time.


Message History

Enroth's ghost hits you but does no damage.
Your crimson imp hits Enroth's ghost but does no damage. x2
You strike the helpless Enroth's ghost from a blind spot!
You hit Enroth's ghost.
Enroth's ghost is severely damaged.
Your hound misses Enroth's ghost.
Enroth's ghost says very slowly, "There's no hope."
Enroth's ghost hits you.
You are electrocuted!
* * * LOW HITPOINT WARNING * * *
Your hound completely misses Enroth's ghost.
Your crimson imp misses Enroth's ghost.
Your crimson imp hits Enroth's ghost but does no damage.
Your guardian golem disappears in a puff of smoke!
Your hound completely misses Enroth's ghost.
Your hound closely misses Enroth's ghost.
Your crimson imp blinks!
Enroth's ghost hits you.
* * * LOW HITPOINT WARNING * * *
You are electrocuted!
You die...

#.##...#............# #.#
#......###.#####.#.## #.#
###.#.######## #.### #.#
....###......## #.# #.#
.####.........###'## #.#
.###...........#...## ##.##
.##......โ‰ˆ.....#....## #...#
.##............'.....## #...#
.#.............#@Wh...####...####
.#......โ‰ˆ......#.5....'..........
.#.............#.5.ยง..####.....##
.'............##.....## ##.##.#
##.....โ‰ˆ......#<....## ####.#
#...........###...## #.#
##.........## ##'## #.#
##......#######.# #.#
########.....(.# #.#


You could see Enroth's ghost, a friendly hound and 2 friendly crimson imps.

Vanquished Creatures
  An orc warrior (D:6)
  2 ogres (D:4)
  2 centaurs
  A scorpion (D:4)
  2 wights (D:7)
  A quasit (D:5)
  An orc priest (D:3)
  2 crimson imps
  A giant frog skeleton (D:6)
  An iguana (D:7)
  A killer bee zombie (D:5)
  7 worker ants
  A gnoll (D:4)
  9 adders
  A shadow imp (D:5)
  2 oozes
  A worm (D:2)
  3 giant geckos
  8 orcs
  9 bats
  2 giant cockroaches
  7 goblins
  4 hobgoblins
  A jackal (D:2)
  3 quokkas
  2 ball pythons
  A ball python skeleton (D:4)
  A giant gecko skeleton (D:4)
  A giant newt (D:1)
  5 kobolds
  A quokka skeleton (D:7)
  5 rats
89 creatures vanquished.

Vanquished Creatures (collateral kills)
  A phantom (D:4)
  An ogre (D:6)
  A giant frog (D:6)
  A scorpion (D:4)
  A crimson imp (D:7)
  An orc priest (D:6)
  4 orc wizards
  A giant frog skeleton (D:6)
  Jessica (D:3)
  A worker ant (D:6)
  2 adders
  2 gnolls (D:4)
  6 orcs
  A giant cockroach (D:1)
  2 bats
  A giant newt (D:1)
  A jackal (D:2)
28 creatures vanquished.

Vanquished Creatures (others)
  A wight (D:7)
1 creature vanquished.

Grand Total: 118 creatures vanquished

Notes
Turn   | Place    | Note
--------------------------------------------------------------
     0 | D:1      | Redz the Kobold Summoner began the quest for the Orb.
     0 | D:1      | Reached XP level 1. HP: 10/10 MP: 3/3
   170 | D:1      | Reached XP level 2. HP: 6/15 MP: 1/5
   413 | D:1      | Learned a level 2 spell: Call Imp
   908 | D:2      | Reached XP level 3. HP: 12/20 MP: 0/6
  1036 | D:2      | Reached skill level 1 in Fighting
  1659 | D:2      | Reached XP level 4. HP: 25/25 MP: 4/7
  1928 | D:3      | Noticed Jessica
  1934 | D:3      | Killed Jessica
  2087 | D:3      | Reached XP level 5. HP: 17/30 MP: 8/8
  2092 | D:3      | Learned a level 3 spell: Call Canine Familiar
  2474 | D:3      | Reached skill level 5 in Summonings
  2827 | D:3      | Found an opulent altar of Gozag.
  3387 | D:4      | Noticed an ogre
  3391 | D:4      | Learned a level 2 spell: Swiftness
  3406 | D:4      | Reached XP level 6. HP: 32/36 MP: 7/9
  3427 | D:4      | Killed an ogre
  3956 | D:4      | Reached XP level 7. HP: 12/41 MP: 3/11
  4489 | D:4      | Noticed a phantom
  4510 | D:4      | Killed a phantom
  4510 | D:4      | Reached skill level 6 in Summonings
  4515 | D:4      | Learned a level 3 spell: Summon Guardian Golem
  4616 | D:5      | Entered Level 5 of the Dungeon
  4667 | D:5      | Found a stormy altar of Qazlal.
  4668 | D:5      | Found a sacrificial altar of Ru.
  4892 | D:5      | Found a basalt altar of Yredelemnul.
  5005 | D:5      | Reached skill level 1 in Charms
  5005 | D:5      | Reached skill level 1 in Air Magic
  5005 | D:5      | Reached XP level 8. HP: 28/48 MP: 10/12
  5208 | D:5      | Found Nebli's Armour Boutique.
  5314 | D:6      | Found a bloodstained altar of Trog.
  5314 | D:6      | Found a white marble altar of Elyvilon.
  5623 | D:6      | Reached skill level 5 in Fighting
  5837 | D:6      | Reached skill level 5 in Dodging
  6576 | D:7      | Found a staircase to the Ecumenical Temple.
  6599 | Temple   | Entered the Ecumenical Temple
  6685 | Temple   | Became a worshipper of Warmaster Okawaru
  6962 | D:7      | Reached skill level 7 in Summonings
  6988 | D:7      | Noticed Enroth's ghost (experienced VSAs)
  7143 | D:7      | Mangled by Enroth's ghost

Vault maps used:
D:1:      tarquinn_simple_flora_water_f, minivault_4
D:2:      first_bread, dk_noncrumbling_3, minivault_24, grunt_ministairs_10,
          item_on_display_a
D:3:      lemuel_doored_altar, corexii_corridor_pit, uniq_jessica
D:5:      yredelemnul_altar_generic, grunt_temple_overflow_open, serial_shops,
          kennysheep_little_box
D:6:      gammafunk_temple_overflow_elements
D:7:      kiku_gazebo_pond_becter, kennysheep_potato
Temple:   circular_temple_pool_12

Action                   |  1- 3 |  4- 6 |  7- 9 || total
-------------------------+-------+-------+-------++-------
Melee: Unarmed           |    14 |       |       ||    14
       Club              |    48 |       |       ||    48
       Dagger            |    29 |   122 |   209 ||   360
       Mace              |     6 |       |       ||     6
 Cast: Summon Small Mamm |    10 |       |       ||    10
       Call Imp          |     8 |    18 |    28 ||    54
       Call Canine Famil |       |     3 |    12 ||    15
       Summon Guardian G |       |       |     6 ||     6
Evoke: Wand              |       |       |     1 ||     1
  Use: Potion            |       |     5 |     4 ||     9
       Scroll            |       |     8 |     8 ||    16
 Stab: Sleeping          |     2 |    14 |     5 ||    21
       Distracted        |       |     1 |     2 ||     3
  Eat: Chunk             |    11 |     9 |     9 ||    29
